Map: Acropolis LE

Players

Woah

  • Race: Terran Terran
  • Spawn Location: 11:00

FilipRak - Winner!

  • Race: Terran Terran
  • Spawn Location: 5:00

VOD

Have the link to the VOD?

Description

Time

  • Played on: June 12, 2019, 2:54 a.m.
  • Length: 18:45
Show
View Real Time Build Order
Export as new Build Order

Woah Terran 

Build Orders:  

Get SALT Encoding   

  12  0:02  SCV  
  13  0:14  SCV  
  13  0:17  Supply Depot  
  14  0:26  SCV  
  15  0:39  SCV  
  16  0:48  Barracks  
  16  0:49  Refinery  
  16  0:52  SCV  
  17  0:59  Barracks  
  17  1:13  SCV  
  18  1:19  Refinery  
  18  1:34  Barracks  
  18  1:42  Orbital Command  
  18  1:44  Reaper  
  19  1:52  Reaper  
  20  1:59  Supply Depot  
  20  2:10  Supply Depot  
  20  2:16  Reaper  
  20  2:19  SCV  
  22  2:25  Reaper  
  23  2:30  Reaper  
  23  2:31  SCV  
  25  2:51  Reaper  
  26  2:52  SCV  
  26  2:55  Engineering Bay  
  26  2:57  Reaper  
  26  3:36  Reaper x2  
  28  3:45  Factory  
  28  3:46  Command Center  
  28  3:47  SCV  
  28  3:48  Terran Infantry Weapons Level 1  
  28  3:54  Reaper  
  29  3:59  SCV  
  30  4:10  Supply Depot  
  30  4:29  Barracks Tech Lab  
  30  4:30  Barracks Reactor  
  30  4:35  Supply Depot  
  30  4:37  Starport  
  30  4:38  Factory Tech Lab  
  30  4:41  SCV  
  30  4:42  Barracks Reactor  
  31  4:54  SCV  
  32  5:00  Stimpack, Marine  
  32  5:02  Missile Turret  
  33  5:07  SCV  
  34  5:15  Orbital Command  
  33  5:35  Marine x4  
  27  5:36  Marine  
  27  5:41  Siege Tank  
  35  5:50  Bunker  
  34  6:02  Missile Turret  
  34  6:18  Marine x4  
  34  6:19  Marine  
  41  6:32  Siege Tank  
  41  6:36  SCV  
  42  6:41  Barracks  
  42  6:49  SCV x2  
  44  7:00  Combat Shield  
  44  7:01  SCV  
  44  7:03  Terran Infantry Armor Level 1  
  44  7:07  Armory  
  45  7:10  Engineering Bay  
  45  7:12  SCV  
  45  7:13  SCV  
  47  7:41  Missile Turret  
  47  7:43  Missile Turret  
  44  8:14  Terran Infantry Weapons Level 2, Missile Turret  
  44  8:19  Viking x2  
  48  8:28  Command Center  
  48  8:30  Siege Tank  
  48  8:31  SCV x2  
  48  8:32  Marine x2  
  56  8:36  Barracks Reactor  
  55  8:43  SCV  
  55  8:44  SCV  
  55  8:45  Supply Depot  
  55  8:46  Supply Depot, Barracks Reactor  
  55  8:47  Supply Depot  
  57  8:55  SCV  
  58  9:13  Missile Turret  
  58  9:25  SCV x2  
  58  9:27  Refinery, Marine x7  
  58  9:28  Refinery  
  67  9:35  Supply Depot  
  67  9:36  Supply Depot  
  67  9:44  Missile Turret, Marine  
  68  9:51  Viking  
  70  9:54  Viking  
  72  10:07  Orbital Command  
  72  10:21  Factory  
  72  10:24  Barracks  
  72  10:25  Barracks  
  71  11:04  Marine  
  71  11:05  Marine x6  
  78  11:19  Siege Tank  
  59  11:52  Siege Tank  
  49  11:57  Marine  
  49  11:58  Marine x6  
  56  12:10  Orbital Command, Factory Tech Lab  
  56  12:11  Barracks Reactor, Barracks Tech Lab  
  56  12:13  Viking x2  
  56  12:15  SCV x2, Marine x3  
  63  12:16  Marine x2  
  67  12:24  Siege Tank  
  67  12:25  Marauder, Marine  
  73  12:30  SCV x2  
  75  12:38  Marine x2  
  75  12:39  Marine x4  
  75  12:41  Terran Infantry Armor Level 2, Terran Infantry Weapons Level 3  
  75  12:42  SCV  
  75  12:43  Marine  
  83  12:46  Marine  
  76  12:56  Marine x2  
  71  13:08  Marine x4  
  71  13:09  Marine x4  
  78  13:14  Marine x2  
  78  13:18  Command Center  
  75  13:26  Marine x3  
  78  13:35  Siege Tank x2  
  71  13:57  Medivac  
  71  13:58  Medivac  
  73  14:07  Siege Tank x2  
  75  14:16  SCV x2  
  75  14:28  SCV x2  
  75  14:31  Marine x10  
  87  14:40  SCV x2  
  89  14:48  Marine  
  89  14:49  Marine x8  
  89  14:52  SCV x2  
  100  15:04  SCV  
  100  15:05  SCV  
  102  15:07  Orbital Command  
  102  15:16  SCV  
  102  15:21  Terran Infantry Armor Level 3  
  103  15:36  Command Center  
  101  15:56  Marine  
  101  15:57  Marauder, Marine x8  
  104  16:00  Siege Tank  
  104  16:01  Siege Tank  
  118  16:05  Supply Depot  
  118  16:07  Supply Depot x2  
  113  16:14  Marine  
  113  16:15  Marine x6  
  94  16:19  Marauder, Marine  
  94  16:20  Marauder  
  84  16:32  Marine  
  85  16:33  Siege Tank x2, Marine x5  
  85  16:36  Supply Depot  
  81  17:03  Viking x2  
  71  17:11  Siege Tank x2  
  72  17:22  Marine  
  65  17:23  Marine x9  
  63  17:40  Orbital Command, Marine  
  45  18:01  Planetary Fortress  
  36  18:13  Marine x3  
Show
View Real Time Build Order
Export as new Build Order

FilipRak Terran - Winner!

Build Orders:  

Get SALT Encoding   

  12  0:01  SCV  
  13  0:13  SCV  
  14  0:19  Supply Depot  
  14  0:25  SCV  
  14  0:27  Refinery  
  15  0:40  SCV  
  16  0:46  Barracks  
  16  0:52  SCV  
  17  1:04  SCV  
  18  1:20  SCV  
  19  1:34  Orbital Command  
  19  1:35  Barracks  
  19  1:39  Factory  
  19  1:43  Marine  
  20  1:50  Refinery  
  20  2:00  Supply Depot  
  20  2:04  Marine  
  21  2:12  SCV  
  22  2:24  SCV, Marine  
  22  2:25  Factory Tech Lab  
  22  2:28  Barracks Tech Lab  
  24  2:36  SCV  
  25  2:39  Supply Depot  
  25  2:48  SCV  
  25  2:49  Marine, Barracks Reactor  
  27  2:56  Siege Tank  
  30  3:01  SCV  
  31  3:07  Marine  
  31  3:08  Stimpack  
  32  3:25  Marine  
  32  3:26  Marine x2  
  30  3:39  SCV  
  30  3:40  Siege Tank  
  34  3:43  Marine  
  34  3:44  Engineering Bay  
  34  3:45  Marine  
  34  3:46  Marine  
  37  3:52  Starport  
  37  4:02  Supply Depot  
  37  4:04  Marine x2  
  39  4:13  Missile Turret  
  39  4:25  Liberator  
  39  4:28  SCV  
  39  4:29  Terran Infantry Weapons Level 1  
  40  4:39  Marine x2  
  45  4:59  Command Center  
  45  5:08  Marine x2  
  47  5:23  Marine  
  47  5:24  SCV  
  44  5:38  Medivac, Marine  
  47  5:49  Supply Depot  
  47  5:53  Supply Depot  
  47  6:10  Marine x3  
  44  6:34  Medivac  
  44  6:35  Marine  
  44  6:38  Orbital Command  
  44  6:39  SCV  
  48  6:41  Command Center  
  48  6:44  Siege Tank, Marine x2  
  48  6:46  Combat Shield  
  53  6:51  SCV  
  53  6:53  Marine  
  55  7:19  SCV x2  
  57  7:27  Marine x2  
  57  7:28  Marine  
  60  7:31  SCV x2  
  60  7:35  Starport Reactor, Barracks  
  62  7:37  Barracks  
  62  7:43  SCV  
  63  7:45  Marine  
  64  8:05  SCV x2  
  65  8:08  Siege Tank  
  68  8:14  Refinery  
  68  8:17  SCV x2, Refinery  
  70  8:20  Marine x2  
  70  8:24  Barracks Reactor  
  70  8:25  Barracks Tech Lab  
  72  8:27  Concussive Shells  
  72  8:29  Marauder, SCV  
  75  8:34  Viking, Medivac  
  75  8:35  Starport  
  75  8:38  SCV, Marine x2  
  75  8:39  Orbital Command  
  82  8:50  Marauder  
  84  8:57  Sensor Tower  
  84  8:59  SCV  
  84  9:00  SCV  
  84  9:02  Marauder  
  88  9:07  SCV  
  89  9:16  SCV x2  
  91  9:21  Marauder  
  93  9:25  Supply Depot  
  93  9:26  Supply Depot  
  93  9:27  Terran Infantry Armor Level 1  
  93  9:28  Marine x2, Supply Depot  
  93  9:29  Marauder  
  97  9:32  Armory  
  97  9:33  Engineering Bay  
  97  9:39  SCV x2  
  97  9:45  SCV  
  100  9:47  Marine x4  
  100  9:48  Marauder, Refinery  
  100  9:50  Marauder  
  100  9:52  Starport Reactor  
  108  9:54  Viking, Medivac  
  108  9:56  SCV  
  113  10:00  SCV  
  113  10:01  SCV  
  113  10:05  Marine  
  116  10:08  SCV, Marine  
  116  10:09  Marine x3  
  116  10:11  Marine  
  122  10:15  SCV x2  
  122  10:16  Refinery  
  122  10:20  SCV  
  125  10:38  Marauder, Marine  
  125  10:43  Viking  
  118  10:54  Viking x2  
  119  11:16  Viking x2  
  123  11:24  Viking  
  125  11:30  Command Center  
  125  11:37  Marine  
  125  12:01  Sensor Tower  
  125  12:41  Marine x4  
  125  12:42  Viking x2, Marauder x2, SCV x3  
  138  13:02  SCV x2  
  140  13:06  SCV  
  139  13:20  Marauder  
  139  13:30  SCV  
  140  13:34  Terran Infantry Weapons Level 2, Terran Infantry Armor Level 2  
  140  13:36  Terran Vehicle Weapons Level 1  
  140  13:43  Barracks  
  140  13:44  Barracks  
  140  14:00  Command Center  
  140  14:02  Marine x2  
  140  14:03  SCV x2  
  140  14:04  Viking  
  140  14:05  Marauder, SCV, Barracks  
  140  14:06  Supply Depot  
  139  14:13  Viking  
  139  14:14  Viking  
  140  14:28  Viking, Marauder, SCV x3  
  147  14:34  Marine  
  147  14:38  Supply Depot  
  148  14:39  Supply Depot  
  148  14:40  Orbital Command  
  148  14:41  Viking, Marauder, SCV, Marine x3  
  148  14:42  Liberator  
  156  14:46  Sensor Tower  
  156  14:55  Liberator  
  156  14:59  Siege Tank  
  164  15:00  Marauder, Viking x2  
  164  15:02  Marauder  
  170  15:07  Refinery  
  170  15:08  Refinery  
  175  15:21  Marauder  
  175  15:30  Viking x2  
  175  15:31  Siege Tank  
  182  15:37  SCV x2  
  182  15:42  Medivac  
  183  15:49  Marauder x2, Marine x4  
  184  15:51  Barracks Reactor  
  186  16:11  Medivac  
  186  16:12  Marauder  
  186  16:13  Marauder, Medivac, Siege Tank  
  154  16:26  Marine x4  
  158  16:33  Marauder  
  158  16:34  Marauder  
  162  16:44  Marine x2  
  162  16:45  Siege Tank  
  167  16:52  Medivac x4  
  175  16:55  Marauder  
  175  16:56  Marauder  
  172  17:16  Marauder  
  172  17:17  SCV x2  
  172  17:22  Medivac x2  
Tags
 
Matchup
TvT
Race
Terran
Replay Pack
r1
Spawn Locations
Cross Positions
Add a new tag
Caveats
  • Supply blocks, unpowered buildings, or Contaminate may cause inaccurate times.
  • Supply counts are checked every 10 seconds.